Description

I took soO's 12/14 Opener from ZvZ and adjusted it to work in my ZvP :)

We get Ling Speed to deal with Adepts and use the early lings to do make the Protoss feel unsafe.

If Protoss does not scout feel free to make many additional Lings.

Instead of gettings Queens I build additional Hatcheries and try to drone up as quickly as possible.

VOD

https://www.youtube.com/watch?v=e6Ibun73YU8

Replay - Railgan v Yav - Bel'Shir Vestige LE (Void)

Build Order

Get SALT Encoding   

  12  0:20  Spawning Pool  
  11  0:22  Drone x2  
  13  0:30  Drone  
  14  0:40  Overlord  
  14  0:44  Extractor  
  13  1:06  Zergling x6  
  16  1:21  Hatchery  
  15  1:26  Drone x2  
  17  1:39  Drone  
  18  1:51  Metabolic Boost  
  18  1:56  Drone  
  19  2:04  Drone  
  20  2:20  Hatchery  
  19  2:24  Overlord  
  19  2:34  Queen  
  20  2:38  Drone x2  
  25  2:59  Queen  
  29  3:13  Queen  
  29  3:18  Overlord  
  38  3:42  Queen  
  44  3:58  Overlord  
  48  4:09  Roach Warren  
  48  4:16  Overlord  
  54  4:26  Spore Crawler x2  
  54  4:30  Evolution Chamber  
  51  4:31  Spore Crawler  
  51  4:37  Zergling x2  
  57  4:47  Extractor x2  
  58  5:00  Zerg Melee Weapons Level 1  
  58  5:01  Roach x2  
  58  5:06  Roach  
  64  5:11  Zergling x8  
  69  5:26  Lair  
  69  5:31  Queen x2  
  69  5:33  Roach x3  
  79  5:40  Zergling x4  
  83  5:46  Roach x3  
  89  5:54  Roach  
  92  6:44  Glial Reconstitution  
  92  6:46  Baneling Nest  
  97  6:48  Extractor  
  97  6:54  Extractor x2  
  96  7:04  Hatchery, Ravager x2  
  107  7:27  Zerg Melee Weapons Level 2  
  109  7:42  Infestation Pit  
  122  8:20  Hive  
  122  8:25  Ravager x8  
  122  8:27  Hatchery  
  133  8:29  Baneling x3  
  137  8:44  Centrifical Hooks  
  143  8:50  Baneling x2  
  144  9:09  Spire  
  125  9:51  Adrenal Glands  
  125  9:52  Ultralisk Cavern  
  136  9:53  Zerg Melee Weapons Level 3  
Spawning Tool Build Advisor. Get it on Overwolf

Go to:

Details

  • Created by: railgan      
  • Published on: Mar 26, 2017
  • Modified on: Apr 03, 2017
  • Patch: 3.8.0
Show
View Real Time Build Order
Export as new Build Order

Comments (0)

There are no comments. Be the first!

Create an account to comment!